 Dungeon Crawl Stone Soup version 0.29.1-1-gd02db6906a (webtiles) character file.

Game seed: 9141904701294123518

54 concernfroge the Trooper (level 3, -1/31 HPs)
             Began as a Mummy Monk on Sept 18, 2022.
             Slain by a worm (9 damage)
             ... on level 2 of the Dungeon.
             The game lasted 00:01:58 (1680 turns).

concernfroge the Trooper (Mummy Monk)               Turns: 1680, Time: 00:01:59

Health: -1/31      AC:  3    Str: 16    XL:     3   Next: 66%
Magic:  3/3        EV: 12    Int:  9    God:
Gold:   71         SH:  0    Dex: 14    Spells: 2/2 levels left

rFire   x . .      SeeInvis .   c - +0 battleaxe
rCold   + . .      Faith    .   (shield currently unavailable)
rNeg    + + +      Spirit   .   j - +0 leather armour
rPois   ∞          Reflect  .   (no helmet)
rElec   .          Harm     .   (no cloak)
rCorr   .          Rampage  .   (no gloves)
Will    .....                   (no boots)
Stlth   ++........              (no amulet)
HPRegen 0.10/turn               (no ring)
MPRegen 0.08/turn               (no ring)

@: no status effects
A: cold resistance 1, negative energy resistance 3, torment resistance 2, heat
vulnerability 1, in touch with death 1, no potions
a: no special abilities


You were on level 2 of the Dungeon.
You visited 1 branch of the dungeon, and saw 2 of its levels.

You collected 71 gold pieces.

Inventory:

Hand Weapons
 a - a +0 spear
 c - a +0 battleaxe (weapon)
Missiles
 b - 4 atropa-tipped darts (quivered)
Armour
 j - a +0 leather armour (worn)
Scrolls
 d - a scroll of fog {unknown}
 e - 3 scrolls of identify {unknown}
 f - 2 scrolls of teleportation {unknown}
 g - a scroll of poison {unknown}
 h - a scroll of brand weapon {unknown}
 i - a scroll of noise {unknown}
 k - a scroll of fear {unknown}


   Skills:
 + Level 4.7 Fighting
 - Level 2.4 Polearms
 - Level 2.4 Dodging
 - Level 1.5 Stealth


You had 2 spell levels left.
You didn't know any spells.
Your spell library was empty.

Dungeon Overview and Level Annotations

Branches:
Dungeon (2/15)

Altars:


Innate Abilities, Weirdness & Mutations

You are immune to poison.
Your flesh is cold resistant. (rC+)
You are immune to negative energy. (rN+++)
You are immune to unholy pain and torment.
You are vulnerable to heat. (rF-)
You are in touch with the powers of death.
You do not drink.


Message History

You kill the rat!
The bat closely misses you.
The goblin throws a stone.
The stone barely misses you.
The goblin throws a stone.
The stone barely misses you.
You hit the bat but do no damage. The bat barely misses you.
The dart slug launches a dart at you. The slug dart hits you.
You completely miss the bat. The bat misses you.
The bat hits you but does no damage. The dart slug launches a dart at you.
The slug dart hits you.
You hit the endoplasm.
The endoplasm is almost dead.
The bat barely misses you. The endoplasm barely misses you.
The goblin throws a stone.
The stone barely misses you.
The goblin drinks a potion.
The goblin seems to grow stronger.
The endoplasm closely misses you. The bat hits you but does no damage.
You slash the endoplasm!
You kill the endoplasm!
You closely miss the bat. The bat misses you.
The goblin throws a stone.
The stone barely misses you.
You slash the dart slug!
The dart slug is almost dead.
You hit the bat.
You kill the bat!
You hit the goblin. The dart slug bites you.
The goblin hits you with a +0 club.
You slash the dart slug!
You kill the dart slug!
You barely miss the worm. You barely miss the goblin.
The goblin hits you with a +0 club. The worm bites you! The goblin misses you.
You are too injured to fight recklessly!
You are too injured to fight recklessly!
You are too injured to fight recklessly!
You slash the worm!
The worm is severely wounded.
You barely miss the goblin. The goblin hits you with a +0 club.
* * * LOW HITPOINT WARNING * * *
The worm bites you!
You die...

##.#### ..$ #.....# ...
#.....# .... #.....#
..... #.....#
.....#########.....#
...................## #
......g.....>.......## #
.......@.............###
......w†................
......................#.
####....................
#.(.>................
#......$.........##..
#.####...........###. #.
##..#.....#.##.. #
#..##....#.##..


You could see a worm and a goblin (strong).

Vanquished Creatures
  An adder (D:2)
  3 dart slugs (D:2)
  3 ball pythons
  3 bats
  5 endoplasms
  A giant cockroach (D:2)
  2 goblins
  6 hobgoblins
  A kobold (D:1)
  2 quokkas (D:2)
  A frilled lizard (D:1)
  9 rats
37 creatures vanquished.

Vanquished Creatures (others)
  9 plants (D:1)
9 creatures vanquished.

Grand Total: 46 creatures vanquished

Notes
Turn   | Place    | Note
-------+----------+-------------------------------------------
     0 | D:1      | concernfroge the Mummy Monk began the quest for the Orb.
     0 | D:1      | Reached XP level 1. HP: 18/18 MP: 1/1
   385 | D:1      | Reached XP level 2. HP: 24/24 MP: 2/2
  1260 | D:2      | Reached skill level 4 in Fighting
  1267 | D:2      | Gained mutation: You are in touch with the powers of death.
                  | [Mummy growth]
  1267 | D:2      | Reached XP level 3. HP: 20/30 MP: 3/3
  1680 | D:2      | Slain by a worm

Illustrated notes

Levels and vault maps discovered:
D:1:      dpeg_arrival_snail, layout_loops_corners, serial_bayou,
          serial_bayou_pond_d, serial_bayou_shore_a, serial_bayou_lagoon_b,
          serial_bayou_pond_a, minmay_shallow_snake_nest
D:2:      layout_rooms, hex_intersection, uniq_crazy_yiuf_cottage

Skill      XL: |  1  2 |
---------------+-------+-----
Fighting       | 4 |  4.7
Polearms       | |  2.4
Dodging        | |  2.4
Stealth        | |  1.5

Action                   || total
-------------------------++-------
Melee: Battleaxe         ||    88
 Stab: Sleeping          ||     3
Armor: Robe              ||     7
       Leather armour    ||    11
Dodge: Dodged            ||    77
